 Dungeon Sprint DCSS version 0.30-a0-989-g0d87f670db (webtiles) character file.

Game seed: 3849022547538589002

5814 domi the Unseen (level 10, -6/46 HPs)
             Began as a Vine Stalker Enchanter on Apr 3, 2023.
             Was a Believer of Uskayaw.
             Mangled by a demonic crawler (11 damage)
             ... in the Dungeon (Sprint I: "Red Sonja").
             The game lasted 00:07:42 (726 turns).

domi the Unseen (Vine Stalker Enchanter)             Turns: 726, Time: 00:07:42

Health: -6/46      AC:  7    Str: 11    XL:     10   Next: 79%
Magic:  0/15       EV: 16    Int: 19    God:    Uskayaw [**....]
Gold:   1137       SH:  0    Dex: 15    Spells: 7/15 levels left

rFire   . . .      SeeInvis +    j - +2 short sword (venom)
rCold   . . .      Faith    .    (no shield)
rNeg    . . .      Spirit   +    k - +0 troll leather armour {regen}
rPois   .          Reflect  .    (no helmet)
rElec   .          Rampage  .    n - +0 cloak
rCorr   .          NoTele   +    s - +0 pair of gloves {Stlth+}
Will    +....                    (no boots)
Stlth   ++++++++                 (no amulet)
HPRegen 1.87/turn                c - ring of see invisible {sInv}
MPRegen 0.14/turn                (no ring)

@: no status effects
A: fangs 3, regeneration 1, magic shield, antimagic bite, no potion heal 2
a: Renounce Religion, Stomp, Line Pass


You were in the Dungeon.
You worshipped Uskayaw.
Uskayaw was noncommittal.
You visited 1 branch You collected 1306 gold pieces.
You spent 169 gold pieces at shops.

Inventory:

Hand Weapons
 a - a +1 dagger
 j - a +2 short sword of venom (weapon)
   (You took it off Sonja in the Dungeon)
Missiles
 i - 3 curare-tipped darts {=f}
Armour
 k - a +0 troll leather armour (worn) {regen}
   (You found it in the Dungeon)
 n - a +0 cloak (worn)
   (You bought it in a shop in the Dungeon)
 s - a +0 pair of gloves of stealth (worn)
   (You bought it in a shop in the Dungeon)
Jewellery
 c - a ring of see invisible (left hand) {sInv}
   (You found it in the Dungeon)
 m - a ring of ice {rC+, rF-}
   (You found it in the Dungeon)
Wands
 e - a wand of light (8)
   (You took it off Ijyb in the Dungeon)
 q - a wand of flame (2)
   (You found it in the Dungeon)
Scrolls
 h - a scroll of blinking
Potions
 b - a potion of might {unknown}
 d - 3 potions of curing {@q1}
 f - 3 potions of magic
 g - a potion of berserk rage {!q!q}
 l - a potion of degeneration {unknown}
 o - a potion of brilliance {unknown}
 p - a potion of mutation {unknown}
 r - 2 potions of lignification {unknown}


   Skills:
 + Level 2.1 Fighting
 - Level 10.0 Short Blades
 + Level 6.0 Armour
 + Level 9.8 Dodging
 * Level 20.3 Stealth
 + Level 3.3 Spellcasting
 - Level 10.0 Hexes


You had 7 spell levels left.
You knew the following spells:

 Your Spells              Type           Power      Damage    Failure   Level
x - Tukima's Dance        Hex            41%        N/A       1%          3
z - Ensorcelled Hibernat  Hex/Ice        44%        N/A       3%          2
Z - Confusing Touch       Hex            41%        N/A       1%          3

Your spell library contained the following spells:

 Spells                   Type           Power      Damage    Failure   Level
 Dazzling Flash           Conj/Hex       44%        N/A       8%          3


Dungeon Overview and Level Annotations

Branches:
Dungeon (1/1)

Altars:
Cheibriados
Dithmenos
Elyvilon
Fedhas
Gozag
Hepliaklqana
Kikubaaqudgha
Makhleb
Nemelex Xobeh
Okawaru
Qazlal
Ru
Sif Muna
Trog
Uskayaw
Vehumet
Wu Jian
Xom
Yredelemnul
Zin
The Shining One
Jiyva
Lugonu

Shops:
D :*??[?([[:=?!*![[


Innate Abilities, Weirdness & Mutations

You have razor-sharp teeth.
Your natural rate of healing is unusually fast.
When hurt, damage is shared between your health and your magic reserves.
Your bite disrupts and absorbs the magic of your enemies.
Potions cannot restore your health.


Message History

The kobold demonologist looks satisfied for a moment.
Aim: a kobold demonologist, wielding a +0 dagger and wearing a +0 robe (chance to affect: 36%)
You miscast Ensorcelled Hibernation.
You are very lightly contaminated with residual magic.
Nothing appears to happen.
The kobold demonologist barely misses you.
Unknown command.
Aim: a kobold demonologist, wielding a +0 dagger and wearing a +0 robe (chance to affect: 36%)
The kobold demonologist easily resists.
The kobold demonologist hits you with a +0 dagger.
Aim: a kobold demonologist, wielding a +0 dagger and wearing a +0 robe (chance to affect: 36%)
The kobold demonologist easily resists.
The kobold demonologist closely misses you.
Aim: a kobold demonologist, wielding a +0 dagger and wearing a +0 robe (chance to affect: 36%)
The kobold demonologist easily resists.
The kobold demonologist misses you.
You don't have enough magic to cast this spell.
Unknown command.
You hit the kobold demonologist but do no damage.
The kobold demonologist is poisoned.
Your bite misses the kobold demonologist.
The kobold demonologist completely misses you.
You miss the kobold demonologist.
Your bite misses the kobold demonologist.
You can no longer pass through a line of other dancers.
You hit the kobold demonologist but do no damage.
The kobold demonologist looks even sicker.
The kobold demonologist gestures wildly while chanting.
Aim: a kobold demonologist, wielding a +0 dagger and wearing a +0 robe (very poisoned, chance to affect: 36%)
The kobold demonologist easily resists.
The ufetubus barely misses you. x2
The kobold demonologist hits you with a +0 dagger.
Aim: a kobold demonologist, wielding a +0 dagger and wearing a +0 robe (very poisoned, 60% to hit)
The bolt of light hits the kobold demonologist!
The kobold demonologist is blinded.
The ufetubus completely misses you.
The ufetubus hits you but does no damage.
The kobold demonologist hits you but does no damage.
The white imp closely misses you. The ufetubus hits you.
The ufetubus closely misses you.
Your magical contamination has completely faded away.
You hit the kobold demonologist.
The kobold demonologist looks as sick as possible!
You hit the kobold demonologist.
The ufetubus hits you but does no damage. x2
The kobold demonologist begins to cast a cantrip, but forgets the words!
The white imp barely misses you.
You can now pass through a line of other dancers.
You barely miss the kobold demonologist.
You bite the kobold demonologist, but do no damage.
The ufetubus hits you but does no damage.
The ufetubus closely misses you.
You hit the kobold demonologist but do no damage.
The kobold demonologist looks as sick as possible!
Your punch misses the kobold demonologist.
The ufetubus misses you.
The ufetubus hits you but does no damage.
The white imp gestures at you. The puff of frost hits you.
The ufetubus completely misses you. The ufetubus misses you.
The white imp gestures at you. The puff of frost hits you.
The kobold demonologist closely misses you.
The white imp misses you.
The ufetubus hits you but does no damage.
The ufetubus barely misses you.
You catch the helpless kobold demonologist completely off-guard!
You stick the kobold demonologist like a pincushion!!!
You kill the kobold demonologist!
The ufetubus disappears in a puff of smoke!
The white imp disappears in a puff of smoke!
Your Spellcasting skill increases to level 3!
Things that are here:
a +0 dagger; a +0 robe; a kobold corpse You start resting.
You open the door. 4 demonic crawlers come into view.
Unknown command.
There is an open door here.
The helpless demonic crawler fails to defend itself.
You perforate the demonic crawler like a sieve!!!!
You kill the demonic crawler!
The demonic crawler gives a hideous shriek! x3
The demonic crawler hits you! The demonic crawler hits you. x2
You can now pass through a line of other dancers.
Your Fighting skill increases to level 2!
Your Armour skill increases to level 6!
The demonic crawler attacks as you move away!
The demonic crawler hits you.
The demonic crawler hits you but does no damage.
The demonic crawler hits you!
The demonic crawler attacks as you move away!
The demonic crawler hits you but does no damage.
The demonic crawler hits you!
The demonic crawler hits you but does no damage.
Aim: a demonic crawler (chance to affect: 21%)
The demonic crawler resists with almost no effort.
The demonic crawler hits you.
The demonic crawler completely misses you.
The demonic crawler hits you. The demonic crawler hits you!
* * * LOW HITPOINT WARNING * * *
The demonic crawler hits you!
You die...

##################
.#.)'..#__#..'..)#
.'..#..'..'..#..@##+#
+#####'#__####.).ss.#
#...#.####§.#####s.+
##..##.#§~§§.#..# +##
_##'#_.'~§§.)§..#
..'..._#§~§..#..#
_##_.#'##§#####'###
_###'#.#.[)(###.'.#
####.####'###.###.#


You could see 3 demonic crawlers.

Vanquished Creatures
  2 centaur warriors (D)
  Sonja (D)
  A deep troll (D)
  An oklob plant (D)
  A demonic crawler (D)
  2 unseen horrors (D)
  2 kobold demonologists (D)
  A hornet (D)
  A slime creature (D)
  A yak (D)
  Sigmund (D)
  2 redbacks (D)
  2 floating eyes (D)
  An ogre (D)
  7 necrophages (D)
  8 jellies (D)
  Ijyb (D)
  A ballistomycete spore (D)
36 creatures vanquished.

Vanquished Creatures (others)
  A ballistomycete spore (D)
1 creature vanquished.

Grand Total: 37 creatures vanquished

Notes
Turn   | Place    | Note
-------+----------+-------------------------------------------
     0 | D        | domi the Vine Stalker Enchanter began the quest for the
                  | Orb.
     0 | D        | Reached XP level 1. HP: 9/9 MP: 4/4
     4 | D        | Noticed Ijyb
    12 | D        | Killed Ijyb
    13 | D        | Reached skill level 2 in Short Blades
    13 | D        | Reached skill level 2 in Dodging
    13 | D        | Reached skill level 6 in Stealth
    13 | D        | Reached skill level 4 in Hexes
    13 | D        | Reached XP level 2. HP: 11/13 MP: 4/6
    13 | D        | Reached XP level 3. HP: 14/16 MP: 4/7
    15 | D        | Noticed an ogre
    22 | D        | Killed an ogre
    23 | D        | Reached skill level 3 in Short Blades
    23 | D        | Reached skill level 3 in Dodging
    23 | D        | Reached skill level 8 in Stealth
    23 | D        | Reached skill level 5 in Hexes
    23 | D        | Gained mutation: Your natural rate of healing is unusually
                  | fast. [Vine Stalker growth]
    23 | D        | Reached XP level 4. HP: 20/21 MP: 4/8
    24 | D        | Noticed Sigmund
    27 | D        | Killed Sigmund
    28 | D        | Reached skill level 5 in Short Blades
    28 | D        | Reached skill level 4 in Dodging
    28 | D        | Reached skill level 10 in Stealth
    28 | D        | Reached skill level 6 in Hexes
    28 | D        | Reached XP level 5. HP: 24/24 MP: 5/9
    28 | D        | Reached XP level 6. HP: 28/28 MP: 5/10
    35 | D        | Found a burning altar of Makhleb.
    35 | D        | Found a viscous altar of Jiyva.
    35 | D        | Found a shimmering altar of Xom.
    35 | D        | Found a corrupted altar of Lugonu.
    35 | D        | Noticed a slime creature
    39 | D        | Killed a slime creature
    40 | D        | Reached skill level 5 in Dodging
    40 | D        | Reached skill level 12 in Stealth
    40 | D        | Reached skill level 7 in Hexes
    40 | D        | Reached XP level 7. HP: 32/32 MP: 6/11
    41 | D        | Found an ornate altar of the Wu Jian Council.
    41 | D        | Found a shimmering blue altar of Sif Muna.
    43 | D        | Found a radiant altar of Vehumet.
    48 | D        | Reached skill level 6 in Short Blades
    49 | D        | Found Pouggeig's General Store.
    49 | D        | Found an ancient bone altar of Kikubaaqudgha.
    49 | D        | Found a hazy altar of Hepliaklqana.
    49 | D        | Found a stormy altar of Qazlal.
    49 | D        | Found a hide-covered altar of Uskayaw.
    49 | D        | Found a blossoming altar of Fedhas.
    49 | D        | Found a bloodstained altar of Trog.
    49 | D        | Found an iron altar of Okawaru.
    49 | D        | Found a basalt altar of Yredelemnul.
    49 | D        | Found a glowing golden altar of the Shining One.
    49 | D        | Found a snail-covered altar of Cheibriados.
    49 | D        | Found a sacrificial altar of Ru.
    49 | D        | Found a glowing silver altar of Zin.
    49 | D        | Found a shadowy altar of Dithmenos.
    49 | D        | Found a white marble altar of Elyvilon.
    49 | D        | Noticed a yak
    50 | D        | Found an opulent altar of Gozag.
    51 | D        | Killed a yak
    52 | D        | Reached skill level 6 in Dodging
    52 | D        | Reached skill level 13 in Stealth
    53 | D        | Noticed Sonja
    57 | D        | Killed Sonja
    58 | D        | Reached skill level 7 in Short Blades
    58 | D        | Reached skill level 7 in Dodging
    58 | D        | Reached skill level 15 in Stealth
    58 | D        | Reached skill level 8 in Hexes
    58 | D        | Gained mutation: You have razor-sharp teeth. [Vine Stalker
                  | growth]
    58 | D        | Reached XP level 8. HP: 36/36 MP: 7/12
    64 | D        | Noticed a deep troll
    68 | D        | Killed a deep troll
    69 | D        | Reached skill level 8 in Short Blades
    69 | D        | Reached skill level 16 in Stealth
    69 | D        | Reached skill level 9 in Hexes
    69 | D        | Reached XP level 9. HP: 39/39 MP: 8/13
    85 | D        | Found Bipux's Armour Emporium.
   176 | D        | Found Igylaat's Book Boutique.
   199 | D        | Found a sparkling altar of Nemelex Xobeh.
   204 | D        | Became a worshipper of Uskayaw the Reveller
   225 | D        | Bought a +0 cloak for 54 gold pieces
   243 | D        | Noticed a centaur warrior
   243 | D        | Noticed a centaur warrior
   251 | D        | Reached * piety under Uskayaw
   253 | D        | Killed a centaur warrior
   253 | D        | Reached ** piety under Uskayaw
   254 | D        | Reached skill level 2 in Armour
   254 | D        | Reached skill level 8 in Dodging
   254 | D        | Reached skill level 17 in Stealth
   257 | D        | Learned a level 2 spell: Ensorcelled Hibernation
   261 | D        | Learned a level 3 spell: Confusing Touch
   265 | D        | Learned a level 3 spell: Tukima's Dance
   266 | D        | Noticed a hornet
   270 | D        | Noticed an oklob plant
   272 | D        | Killed a hornet
   273 | D        | Reached skill level 10 in Hexes
   275 | D        | Killed an oklob plant
   275 | D        | Reached *** piety under Uskayaw
   276 | D        | Reached skill level 9 in Short Blades
   276 | D        | Reached skill level 3 in Armour
   286 | D        | Killed a centaur warrior
   286 | D        | Reached **** piety under Uskayaw
   287 | D        | Reached skill level 4 in Armour
   287 | D        | Reached skill level 18 in Stealth
   287 | D        | Reached XP level 10. HP: 19/44 MP: 1/14
   429 | D        | Reached skill level 9 in Dodging
   436 | D        | Noticed an unseen horror
   436 | D        | Noticed an unseen horror
   459 | D        | Reached ***** piety under Uskayaw
   460 | D        | Reached skill level 19 in Stealth
   473 | D        | Reached ****** piety under Uskayaw
   479 | D        | Reached skill level 10 in Short Blades
   492 | D        | Killed an unseen horror
   493 | D        | Reached skill level 5 in Armour
   494 | D        | Killed an unseen horror
   524 | D        | Found Viaheicvaph's Magic Scroll Shoppe.
   524 | D        | Found Rokiopp's Magic Scroll Shop.
   524 | D        | Found Dokull's Armour Boutique.
   526 | D        | Found Ejiash's Magic Scroll Emporium.
   526 | D        | Found Axiric's Antique Weapon Shop.
   526 | D        | Found Ruudos's Armour Shoppe.
   526 | D        | Found Jadd's Armour Boutique.
   526 | D        | Found Soil's Book Emporium.
   526 | D        | Found Deptezuh's Jewellery Shop.
   526 | D        | Found Qicin's Magic Scroll Shoppe.
   530 | D        | Found Jecsynlo's Distillery.
   531 | D        | Found Dexta's Distillery.
   531 | D        | Found Pixzafe's Assorted Antiques.
   532 | D        | Found Amieha's Armour Emporium.
   535 | D        | Bought a +0 pair of gloves of stealth for 115 gold pieces
   595 | D        | Noticed a kobold demonologist
   596 | D        | Noticed a kobold demonologist
   603 | D        | Killed a kobold demonologist
   604 | D        | Reached skill level 1 in Fighting
   604 | D        | Reached skill level 20 in Stealth
   620 | D        | Killed a kobold demonologist
   621 | D        | Reached skill level 3 in Spellcasting
   722 | D        | Noticed a demonic crawler
   722 | D        | Noticed a demonic crawler
   722 | D        | Noticed a demonic crawler
   722 | D        | Noticed a demonic crawler
   724 | D        | Killed a demonic crawler
   725 | D        | Reached skill level 2 in Fighting
   725 | D        | Reached skill level 6 in Armour
   726 | D        | HP: 5/46 [demonic crawler (9)]
   726 | D        | Mangled by a demonic crawler

Illustrated notes

Levels and vault maps discovered:
D:        dungeon_sprint_1 [red_sonja_temple_1, red_sonja_temple_small_1]

Skill      XL: |  1  2  3  4  5  6  7  8  9 10 |
---------------+-------------------------------+-----
Short Blades   | 2 3 5 7 8 9 10 | 10.0
Dodging        | 2 3 4 5 7 8 9 |  9.8
Stealth        | 6 8 10 12 15 16 18 20 | 20.3
Hexes          | 4 5 6 7 8 9 10 | 10.0
Armour         | 4 6 |  6.0
Fighting       | 2 |  2.1
Spellcasting   | 3 |  3.3

Action                     |  1- 3 |  4- 6 |  7- 9 | 10-12 || total
---------------------------+-------+-------+-------+-------++-------
  Melee: Dagger            |    12 |     3 |     3 |       ||    18
         Bite              |     3 |       |     2 |    21 ||    26
         Short sword       |       |       |    15 |    67 ||    82
         Punch             |       |       |     1 |       ||     1
   Cast: Ensorcelled Hiber |       |       |     2 |    13 ||    15
         Confusing Touch   |       |       |       |     6 ||     6
  Evoke: Wand              |       |       |       |     1 ||     1
    Use: Potion            |     2 |       |     1 |       ||     3
   Stab: Invisible         |     2 |       |     2 |     1 ||     5
         Sleeping          |     2 |     2 |     7 |    14 ||    25
         Paralysed         |       |       |     1 |     1 ||     2
         Confused          |       |       |       |     3 ||     3
 Armour: Troll leather arm |       |       |     5 |    17 ||    22
  Dodge: Dodged            |     4 |       |     7 |    43 ||    54

Table legend: (Time is in decaauts)
 A = Elapsed time spent in this place.
 B = Non-inter-level travel time spent in this place.
 C = Inter-level travel time spent in this place.
 D = Time resting spent in this place.
 E = Time spent auto-exploring this place.
 F = Levels seen in this place.
 G = Mean time per level.
                   A        B        C        D        E       F      G
               +--------+--------+--------+--------+--------+-----+--------+
         Total |    674 |    641 |     33 |    135 |      0 |   1 |  674.0 |
       Dungeon |    674 |    641 |     33 |    135 |      0 |   1 |  674.0 |
               +--------+--------+--------+--------+--------+-----+--------+

Top non-repeatable levels by time:
       D: 674 daAuts

Table legend:
 A = Kills in this place as a percentage of kills in the entire game.
 B = Kills by you in this place as a percentage of kills by you in the entire game.
 C = Kills by friends in this place as a percentage of kills by friends in the entire game.
 D = Other kills in this place as a percentage of other kills in the entire game.
 E = Experience gained in this place as a percentage of experience gained in the entire game.
 F = Experience gained in this place divided by the number of levels of this place that you have seen.
                   A       B       C       D       E      F
               +-------+-------+-------+-------+-------+----------------------
         Total | 100.0 | 100.0 |   N/A | 100.0 | 100.0 | 8306.0
       Dungeon | 100.0 | 100.0 |   N/A | 100.0 | 100.0 | 8306.0
               +-------+-------+-------+-------+-------+----------------------
